 Dungeon Sprint DCSS version 0.15-a0-1004-gbf4e2e6 (webtiles) character file.

986 MDvedh the Cloud Mage (level 8, -8/41 HPs)
             Began as a Tengu Air Elementalist on May 25, 2014.
             Was a Priest of Vehumet.
             Killed from afar by an efreet (20 damage)
             ... with a fireball
             ... in the Dungeon (Sprint IX: "|||||||||||||||||||||||||||||").
             The game lasted 00:04:40 (668 turns).

MDvedh the Cloud Mage (Tengu Air Elementalist)       Turns: 668, Time: 00:04:40

HP  -8/41        AC  4     Str 11      XL: 8   Next: 18%
MP  14/26        EV 12     Int 21      God: Vehumet [***...]
Gold 0           SH  0     Dex 15      Spells:  4 memorised, 14 levels left

rFire  . . .     SeeInvis .     c - staff of energy
rCold  . . .     Clarity  .     a - +0 robe
rNeg   . . .     Conserve .     (no shield)
rPois  .         rCorr    .     (helmet restricted)
rElec  .         rRot     .     n - +0 cloak
SustAb .         Spirit   .     m - +0 pair of gloves
rMut   .         Warding  .     (boots unavailable)
Gourm  .         NoTele   +     (no amulet)
MR     .....                    o - +3 ring of intelligence
                                p - +3 ring of strength

@: not resistant to hostile enchantments, unstealthy
A: able to fly, beak, talons 3
a: Fly, Renounce Religion


You were in the Dungeon.
You worshipped Vehumet.
Vehumet was most pleased with you.
You were near starving.

You visited 1 branch

Inventory:

Armour
 a - a +0 robe (worn)
 m - a +0 pair of gloves (worn)
 n - a +0 cloak (worn)
Magical devices
 l - a wand of fire (7)
Scrolls
 i - a scroll of blinking
 j - 3 scrolls of remove curse
 k - 2 scrolls of amnesia
Jewellery
 o - a +3 ring of intelligence (right hand)
 p - a +3 ring of strength (left hand)
Potions
 d - 5 potions of curing
 e - 3 potions of heal wounds
 f - a potion of haste
 g - 3 potions of magic
 h - a potion of invisibility
Books
 b - a book of Air

   Spells                             Type                      Level
   *Shock                             Conjuration/Air              1
   Swiftness                          Charms/Air                   2
   Repel Missiles                     Charms/Air                   2
   Flight                             Charms/Air                   3
   *Static Discharge                  Conjuration/Air              3
   *Lightning Bolt                    Conjuration/Air              5
Magical staves
 c - an uncursed staff of energy (weapon)


   Skills:
 - Level 2.1 Dodging
 - Level 3.1 Stealth
 - Level 7.2 Unarmed Combat
 + Level 8.8 Spellcasting
 + Level 11.7 Conjurations
 + Level 12.3 Air Magic


You had 14 spell levels left.
You knew the following spells:

 Your Spells              Type           Power        Failure   Level  Hunger
a - Shock                 Conj/Air       ####         1%          1    None
b - Static Discharge      Conj/Air       ######..     1%          3    None
c - Flame Tongue          Conj/Fire      ####.        1%          1    None
f - Lightning Bolt        Conj/Air       ######....   1%          5    None


Dungeon Overview and Level Annotations

Branches:
Dungeon (1/1)

Altars:
Cheibriados
Dithmenos
Elyvilon
Fedhas
Gozag
Kikubaaqudgha
Makhleb
Nemelex Xobeh
Okawaru
Qazlal
Sif Muna
Trog
Vehumet
Xom
Yredelemnul
Zin
The Shining One
Beogh
Jiyva
Lugonu


Innate Abilities, Weirdness & Mutations

You can fly.
You have a beak for a mouth.
You have claws for feet.


Message History

Unknown command.
Unknown command.
Unknown command.
Casting: Lightning Bolt
Confirm with . or Enter, or press ? or * to list all spells.
Aiming: Lightning Bolt
Press: ? - help, Shift-Dir - straight line, f/p - eye of draining
Aim: an eye of draining (heavily wounded)
You hear a mighty clap of thunder!
The bolt of lightning hits the eye of draining.
You kill the eye of draining!
Vehumet accepts your kill.
Vehumet is aiding your destructive magics.
You feel your power returning.
The bolt of lightning hits the efreet.
The efreet is almost dead.
The bolt of lightning hits the hound.
The hound is lightly wounded.
The efreet throws fire at you.
The fireball explodes!
The fireball engulfs you!
You die...

▓.▓
▓'▓
▓.▓
▓.▓
▓%▓
▓h▓
▓R▓
▓.▓
▓@▓
▓)▓
▓.▓
▓[▓
▓.▓
▓.▓
▓)▓
▓.▓
▓.▓


You could see an efreet and a hound.

Vanquished Creatures
  A hill giant (D)
  A hungry ghost (D)
  An orc warrior (D)
  A giant frog (D)
  A killer bee (D)
  An eye of draining (D)
  A crimson imp (D)
  A jelly (D)
  2 orc wizards (D)
  An adder (D)
  A worm (D)
  A goblin (D)
  3 hobgoblins (D)
  A kobold (D)
  A ball python (D)
  A kobold skeleton (D)
  A rat (D)
20 creatures vanquished.

Vanquished Creatures (others)
  A spatial maelstrom (D)
1 creature vanquished.

Grand Total: 21 creatures vanquished

Notes
Turn   | Place    | Note
--------------------------------------------------------------
     0 | D        | MDvedh, the Tengu Air Elementalist, began the quest for the Orb.
     0 | D        | Reached XP level 1. HP: 10/10 MP: 3/3
     0 | D        | Banished a spatial maelstrom
     6 | D        | Reached skill level 1 in Unarmed Combat
    51 | D        | Noticed an orc wizard
    54 | D        | Reached XP level 2. HP: 15/15 MP: 1/5
    61 | D        | Reached skill level 5 in Unarmed Combat
    61 | D        | Reached XP level 3. HP: 16/19 MP: 0/7
    67 | D        | Killed an orc wizard
    67 | D        | Reached skill level 7 in Unarmed Combat
   300 | D        | Found a glowing silver altar of Zin.
   300 | D        | Found a glowing golden altar of the Shining One.
   300 | D        | Found an ancient bone altar of Kikubaaqudgha.
   300 | D        | Found a basalt altar of Yredelemnul.
   300 | D        | Found a shimmering altar of Xom.
   300 | D        | Found a radiant altar of Vehumet.
   300 | D        | Found an iron altar of Okawaru.
   301 | D        | Found a burning altar of Makhleb.
   302 | D        | Found a deep blue altar of Sif Muna.
   303 | D        | Found a bloodstained altar of Trog.
   304 | D        | Found a sparkling altar of Nemelex Xobeh.
   305 | D        | Found a white marble altar of Elyvilon.
   306 | D        | Found a roughly hewn altar of Beogh.
   307 | D        | Found a viscous altar of Jiyva.
   308 | D        | Became a worshipper of Vehumet
   309 | D        | Found a corrupted altar of Lugonu.
   310 | D        | Found a blossoming altar of Fedhas.
   311 | D        | Found a snail-covered altar of Cheibriados.
   312 | D        | Found a shadowy altar of Dithmenos.
   313 | D        | Found a stormy altar of Qazlal.
   314 | D        | Found an opulent altar of Gozag.
   336 | D        | Learned a level 3 spell: Static Discharge
   357 | D        | Noticed a jelly
   357 | D        | Noticed an orc wizard
   357 | D        | Noticed a crimson imp
   357 | D        | Noticed a killer bee
   357 | D        | Noticed a hungry ghost
   361 | D        | Killed a jelly
   361 | D        | Reached skill level 5 in Air Magic
   361 | D        | Reached XP level 4. HP: 21/24 MP: 5/10
   363 | D        | Killed an orc wizard
   363 | D        | Acquired Vehumet's first power
   363 | D        | Offered knowledge of Flame Tongue by Vehumet.
   366 | D        | Killed a crimson imp
   366 | D        | Reached skill level 5 in Conjurations
   366 | D        | Reached XP level 5. HP: 16/28 MP: 1/15
   375 | D        | Killed a killer bee
   376 | D        | Killed a hungry ghost
   376 | D        | Reached skill level 8 in Conjurations
   376 | D        | Reached skill level 9 in Air Magic
   376 | D        | Reached XP level 6. HP: 8/32 MP: 5/20
   566 | D        | Learned a level 1 spell: Flame Tongue
   572 | D        | Learned a level 5 spell: Lightning Bolt
   602 | D        | Noticed a hound
   602 | D        | Noticed an efreet
   602 | D        | Noticed an eye of draining
   602 | D        | Noticed a hill giant
   602 | D        | Noticed a giant frog
   602 | D        | Noticed an orc warrior
   609 | D        | Killed an orc warrior
   609 | D        | Offered knowledge of Sandblast by Vehumet.
   609 | D        | Reached skill level 10 in Air Magic
   609 | D        | Killed a giant frog
   609 | D        | Reached XP level 7. HP: 4/36 MP: 15/22
   612 | D        | Killed a hill giant
   612 | D        | Reached skill level 11 in Conjurations
   612 | D        | Reached skill level 12 in Air Magic
   612 | D        | Reached XP level 8. HP: 4/41 MP: 10/25
   668 | D        | Killed an eye of draining
   668 | D        | Acquired Vehumet's second power
   668 | D        | Killed from afar by an efreet

Action                   |  1- 3 |  4- 6 |  7- 9 || total
-------------------------+-------+-------+-------++-------
Melee: Unarmed           |    12 |     1 |       ||    13
       Staff             |       |       |     1 ||     1
 Cast: Shock             |     7 |    10 |     2 ||    19
       Static Discharge  |       |     3 |       ||     3
       Lightning Bolt    |       |       |     4 ||     4
  Use: Potion            |     1 |     1 |       ||     2
       Scroll            |       |     1 |       ||     1
